 Dungeon Crawl Stone Soup version 0.26-a0-812-g31a745ddcd (webtiles) character file.

Game seed: 16091132652443652257

680 Borgoz the Skirmisher (level 7, -1/62 HPs)
             Began as a Ghoul Monk on Dec 5, 2020.
             Slain by an ogre
             ... wielding a +0 giant club
              (9 damage)
             ... on level 5 of the Dungeon.
             The game lasted 00:07:40 (4007 turns).

Borgoz the Skirmisher (Ghoul Monk)                  Turns: 4007, Time: 00:07:40

Health: -1/62      AC:  6    Str: 15    XL:     7   Next: 60%
Magic:  0/6        EV: 13    Int:  5    God:
Gold:   28         SH:  0    Dex: 13    Spells: 6/6 levels left

rFire    . . .     SeeInvis +     - Unarmed
rCold    + . .     Faith    .   (no shield)
rNeg     + + +     Spirit   +   v - +0 ring mail
rPois    ∞         Reflect  .   p - +0 helmet
rElec    .         Harm     .   (no cloak)
rCorr    .         Rampage  .   (no gloves)
MR       .....                  (no boots)
Stlth    +.........             b - amulet of guardian spirit
HPRegen  0.00/turn              r - ring of see invisible
MPRegen  0.10/turn              (no ring)

@: no status effects
A: rotting body, claws 1, cold resistance 1, negative energy resistance 3,
inhibited regeneration, torment resistance, unbreathing
a: no special abilities


You were on level 5 of the Dungeon.
You visited 1 branch of the dungeon, and saw 6 of its levels.

You collected 196 gold pieces.
You spent 168 gold pieces at shops.

Inventory:

Armour
 p - a +0 helmet (worn)
 v - a +0 ring mail (worn)
Jewellery
 b - an amulet of guardian spirit (around neck)
 d - an uncursed amulet of magic regeneration
 k - an uncursed ring of fire
 m - an uncursed ring of ice
 r - a ring of see invisible (left claw)
Scrolls
 c - a scroll of magic mapping {unknown}
 e - 2 scrolls of identify {unknown}
 g - a scroll of remove curse
 h - a scroll of teleportation {unknown}
 l - 2 scrolls of amnesia
 n - a scroll of enchant armour {unknown}
 q - a scroll of fog
Potions
 a - 4 potions of heal wounds
 f - a potion of degeneration {unknown}
 i - a potion of might
 j - 2 potions of resistance {unknown}
 o - 3 potions of curing {unknown}
 t - a potion of lignification {unknown}
 u - a potion of flight {unknown}


   Skills:
 * Level 5.8 Fighting
 + Level 2.4 Armour
 * Level 4.7 Dodging
 - Level 2.1 Stealth
 * Level 5.7 Unarmed Combat


You had 6 spell levels left.
You didn't know any spells.
Your spell library was empty.

Dungeon Overview and Level Annotations

Branches:
Dungeon (6/15)
 Temple: D:4-7

Altars:
Elyvilon
Okawaru
Sif Muna
Uskayaw
Yredelemnul
The Shining One

Shops:
D:4 !

Annotations:
D:6 Maggie


Innate Abilities, Weirdness & Mutations

Your body is rotting away.
You thrive by killing the living.
You are immune to poison.
You have sharp fingernails.
Your flesh is cold resistant. (rC+)
You are immune to negative energy. (rN+++)
You do not regenerate when monsters are visible.
You are immune to unholy pain and torment.
You can survive without breathing.


Message History

The ogre is lightly wounded.
The ogre closely misses you.
You scratch the ogre.
The ogre is moderately wounded.
The ogre hits you with a +0 giant club!
You claw the ogre!
The ogre is severely wounded.
You scratch the ogre.
The ogre is severely wounded.
The ogre closely misses you.
You scratch the ogre but do no damage.
The ogre is severely wounded.
The ogre hits you with a +0 giant club!!
* * * LOW HITPOINT WARNING * * *
You scratch the ogre.
The ogre is almost dead.
You barely miss the ogre.
The ogre is almost dead.
The ogre hits you with a +0 giant club!
You die...

..#.. . #.#. .!
.... ... #..
.... .# #.. ....
....###.####..#
#.......>..#
#####.###...o...
#@# ..##o#. #O#
.#.. #.# .#.o.
#.# .# .... ...
.# ... #.# ##
#.. #.# #.. ...


You could see an ogre.

Vanquished Creatures
  An ogre (D:4)
  A bullfrog (D:6)
  A wight (D:5)
  A vampire bat (D:3)
  A jelly (D:6)
  An orc priest (D:5)
  A centaur skeleton (D:4)
  A worker ant (D:5)
  Robin (D:2)
  3 gnolls
  11 adders
  2 oozes
  2 adder skeletons (D:4)
  3 fire bats (D:3)
  2 worms
  4 leopard geckos
  10 orcs
  2 spectral bats (D:3)
  2 ball pythons
  17 bats
  3 bat skeletons (D:3)
  A bat zombie (D:3)
  3 giant cockroaches
  15 goblins
  6 hobgoblins
  7 jackals
  2 quokkas (D:2)
  A bat simulacrum (D:3)
  4 frilled lizards
  4 kobolds
  4 rats
  A spectral orc (D:3)
118 creatures vanquished.

Notes
Turn   | Place    | Note
-------+----------+-------------------------------------------
     0 | D:1      | Borgoz the Ghoul Monk began the quest for the Orb.
     0 | D:1      | Reached XP level 1. HP: 19/19 MP: 0/0
   255 | D:1      | Reached XP level 2. HP: 26/26 MP: 1/1
   337 | D:1      | Found a glowing golden altar of the Shining One.
   816 | D:2      | Reached XP level 3. HP: 26/33 MP: 2/2
  1045 | D:3      | Reached XP level 4. HP: 30/40 MP: 3/3
  1128 | D:3      | Found a shimmering blue altar of Sif Muna.
  1360 | D:3      | Reached skill level 1 in Armour
  1672 | D:2      | Found an iron altar of Okawaru.
  1693 | D:2      | Reached XP level 5. HP: 35/46 MP: 1/4
  1931 | D:2      | Noticed Robin
  2018 | D:2      | Killed Robin
  2568 | D:3      | Reached XP level 6. HP: 55/55 MP: 5/5
  2622 | D:3      | Reached skill level 5 in Fighting
  2844 | D:3      | Reached skill level 5 in Unarmed Combat
  2895 | D:3      | Found a basalt altar of Yredelemnul.
  2953 | D:4      | Found Wydi's Distillery.
  2961 | D:4      | Bought a potion of heal wounds for 60 gold pieces
  2961 | D:4      | Bought a potion of heal wounds for 60 gold pieces
  2961 | D:4      | Bought a potion of might for 48 gold pieces
  3067 | D:4      | Found a white marble altar of Elyvilon.
  3187 | D:4      | Found a hide-covered altar of Uskayaw.
  3336 | D:4      | Reached XP level 7. HP: 44/61 MP: 4/6
  3657 | D:4      | You fall into a shaft and drop 2 floors!
  3859 | D:6      | Noticed Maggie
  3906 | D:5      | Entered Level 5 of the Dungeon
  4007 | D:5      | Slain by an ogre

Illustrated notes

Levels and vault maps discovered:
D:1:      sevenhm_arrival_forest_fort_large_2, layout_basic, tso_metal_star
D:2:      layout_loops_ring, okawaru_ov_weapons_minmay, minmay_misc_feat_x,
          uniq_robin
D:3:      layout_rooms, marbit_many_paths, yredelemnul_forgotten_temple_becter,
          hex_large, goddamned_bats
D:4:      layout_basic, elyvilon_altar_5, eat_drink_and_be_merry_uskayaw,
          serial_shops, shop
D:5:      layout_loops_ring, kennysheep_slug_shrine,
          minmay_temple_entry_overgrown, fedhas_altar_1, uniq_ijyb,
          uniq_prince_ribbit1
D:6:      hangedman_cross_stitches, layout_basic, lemuel_crystal_altar,
          uniq_maggie

Skill      XL: |  1  2  3  4  5  6 |
---------------+-------------------+-----
Dodging        | 3 4 |  4.7
Fighting       | 4 5 |  5.8
Unarmed Combat | 4 5 |  5.7
Armour         | 1 2 |  2.4
Stealth        | |  2.1

Action                   |  1- 3 |  4- 6 |  7- 9 || total
-------------------------+-------+-------+-------++-------
Melee: Unarmed           |    57 |   296 |    60 ||   413
       Punch             |     1 |     8 |     1 ||    10
  Use: Scroll            |       |     1 |     5 ||     6
       Potion            |       |       |     1 ||     1
 Stab: Sleeping          |     1 |     3 |       ||     4
       Distracted        |       |     1 |       ||     1
Armor: Robe              |     3 |       |       ||     3
       Leather armour    |     9 |    75 |       ||    84
       Ring mail         |       |     3 |    10 ||    13
Dodge: Dodged            |    34 |   244 |    24 ||   302

Table legend: (Time is in decaauts)
 A = Elapsed time spent in this place.
 B = Non-inter-level travel time spent in this place.
 C = Inter-level travel time spent in this place.
 D = Time resting spent in this place.
 E = Time spent auto-exploring this place.
 F = Levels seen in this place.
 G = Mean time per level.
                   A        B        C        D        E       F      G
               +--------+--------+--------+--------+--------+-----+--------+
         Total |   3970 |   3872 |     98 |    982 |   2038 |   6 |  661.7 |
       Dungeon |   3970 |   3872 |     98 |    982 |   2038 |   6 |  661.7 |
               +--------+--------+--------+--------+--------+-----+--------+

Top non-repeatable levels by time:
     D:3: 1102 daAuts
     D:2: 1062 daAuts
     D:1: 761 daAuts
     D:4: 698 daAuts
     D:6: 247 daAuts
     D:5: 97 daAuts
